 Dungeon Crawl Stone Soup version 0.22-a0-252-gcace5d2 (webtiles) character file.

5629 4thArraOfDagon the Covert (level 10, 0/46 HPs)
             Began as a Felid Chaos Knight on Mar 2, 2018.
             Slain by a cyclops (21 damage)
             ... on level 15 of the Dungeon.
             The game lasted 00:21:55 (3675 turns).

4thArraOfDagon the Covert (Felid Chaos Knight)      Turns: 3675, Time: 00:21:56

Health: 0/46       AC:  2    Str:  6    XL:     10   Next: 46%
Magic:  5/13       EV: 27    Int: 18    God:    Xom [..*...]
Gold:   201        SH:  0    Dex: 15    Spells: 10/13 levels left
                                        Lives:  0   Deaths: 3

rFire    . . .     SeeInvis +     - Unarmed
rCold    . . .     Gourm    .   (shield unavailable)
rNeg     . . .     Faith    .   (armour unavailable)
rPois    +         Spirit   .   (helmet unavailable)
rElec    .         Reflect  .   (cloak unavailable)
rCorr    .         Harm     .   (gloves unavailable)
MR       +....                  (boots unavailable)
Stlth    +++++++...             e - amulet of regeneration
HPRegen  1.55/turn              l - ring of poison resistance
MPRegen  0.13/turn              (no ring)

@: regenerating, quick
A: very small, no armour, no weapons or thrown items, stealth, claws 1, fangs 3,
horns 1, camouflage 1, see invisible, carnivore, speed 1, low mp 1, shaggy fur
2, slow metabolism 1, weak 1, sharp paws
a: Renounce Religion


You were on level 15 of the Dungeon.
You worshipped Xom.
You were a toy of Xom.
You were not hungry.

You visited 1 branch of the dungeon, and saw 15 of its levels.

You collected 621 gold pieces.
You spent 420 gold pieces at shops.

Inventory:

Jewellery
 e - an amulet of regeneration (around neck)
 l - a ring of poison resistance (left paw)
Wands
 o - a wand of flame (26)
 q - a wand of digging (15)
 s - a wand of disintegration (4)
 t - a wand of random effects (36)
Scrolls
 b - 2 scrolls of enchant weapon {unknown}
 c - a scroll of fear {unknown}
 d - 7 scrolls of remove curse
 g - 3 scrolls of blinking {unknown}
 i - 3 scrolls of noise {unknown}
 j - a scroll of magic mapping {unknown}
 m - 2 scrolls of random uselessness {unknown}
 n - 2 scrolls of identify
 p - 3 scrolls of teleportation {unknown}
Potions
 f - a potion of mutation
 k - a potion of brilliance
 r - a potion of flight
 u - a potion of berserk rage {unknown}
Comestibles
 a - 8 rations


   Skills:
 + Level 6.4 Fighting
 + Level 11.6 Dodging
 * Level 14.0 Stealth
 * Level 10.8 Unarmed Combat
 - Level 2.2 Spellcasting
 - Level 4.6 Charms
 - Level 3.8 Necromancy


You had 10 spell levels left.
You knew the following spells:

 Your Spells              Type           Power        Failure   Level  Hunger
a - Regeneration          Chrm/Necr      ###.......   10%         3    ###....


Dungeon Overview and Level Annotations

Branches:
Dungeon (15/15)              Lair (0/6) D:11
 Temple: D:4-7          Orc: D:9-12      Vaults: D:13-14     Depths: D:15

Altars:
Dithmenos
Elyvilon
Gozag
Nemelex Xobeh
Uskayaw
Vehumet
Xom
Yredelemnul
Zin

Shops:
D:6 (   D:14 *

Annotations:
D:6 Pikel
D:8 Erica
D:14 nikopol's ghost, journeyman DEFE


Innate Abilities, Weirdness & Mutations

You cannot wear armour.
You are incapable of wielding weapons or throwing items.
Your paws allow you to move quietly. (Stealth)
You have sharp claws.
You have razor-sharp teeth.
You have supernaturally acute eyesight. (SInv)
You are carnivorous and can eat meat at any time.
You cover ground quickly.
You are covered in thick fur. (AC +2)
You have a slow metabolism.
Your sharp claws are effective at attacking unaware monsters.
You have a pair of small horns on your head.
Your skin changes colour to match your surroundings (Stealth+).
Your magical capacity is low. (-10% MP)
You are weak. (Str -2)


Message History

You are too injured to fight recklessly!
You scratch the cyclops but do no damage.
The cyclops is heavily wounded. "See what I see, my child!"
You detect items!
The cyclops completely misses you.
Unknown command.
You barely miss the cyclops.
The cyclops is heavily wounded.
Unknown command.
You claw the cyclops!
The cyclops is severely wounded.
The cyclops closely misses you.
Unknown command.
You scratch the cyclops.
The cyclops is severely wounded.
Unknown command.
You scratch the cyclops but do no damage.
The cyclops is severely wounded.
The cyclops hits you!!
You die...

#.##....##....#....
#..C.#...#.##.#....
#..#.##.....#)#....
###..#.##..........#.
#....#.##.###......#
#.##.#.##....<.#.#)##
#.#..#.##............
# #C##.##..##########
# #(@...#........
#.#..#.....#....#
#....#...###.#<.#
###..).....#.#..#
#####.#.##.#..#
#......#.. #....####.
#.......#.##
#######.#..#


You could see a cyclops.

Vanquished Creatures
  Fannar (D:10)
  A hydra (D:11)
  A centaur warrior (D:15)
  A deep troll earth mage (D:13)
  An unseen horror (D:13)
  2 wizards
  A cyclops (D:14)
  A centaur zombie (D:14)
  Maurice (D:8)
  2 centaur skeletons
  A kobold demonologist (D:15)
  A yaktaur (D:13)
  A freezing wraith (D:15)
  A polar bear (shapeshifter) (D:14)
  Sigmund (D:5)
  2 wyverns
  14 yaks
  Duvessa (D:5)
  An orc warrior (D:8)
  3 sky beasts
  2 ice beasts
  An ogre (D:11)
  A slave (D:6)
  A crocodile (D:12)
  3 big kobolds
  Blork the orc (D:4)
  5 bullfrogs
  Dowan (D:5)
  2 killer bees (D:12)
  10 wights
  A crimson imp (D:6)
  6 hounds
  A bullfrog skeleton (D:11)
  An orc priest (D:4)
  An iguana (D:8)
  4 worker ants
  2 orc wizards
  The ghost of 4thArraOfDagon the Ducker, a weakling FeCK of Xom (D:4)
  A howler monkey zombie (D:5)
  3 gnolls
  9 adders
  2 shadow imps (D:5)
  An adder skeleton (D:5)
  An adder zombie (D:5)
  2 worms (D:4)
  A dart slug (D:4)
  7 leopard geckos
  12 orcs
  3 giant cockroaches
  2 goblins
  3 hobgoblins (D:1)
  9 jackals
  7 kobolds
  3 quokkas
  A ball python (D:2)
  3 bats (D:1)
  2 frilled lizards (D:1)
  A giant cockroach zombie (D:6)
  A jackal zombie (D:5)
  A quokka skeleton (D:6)
  A quokka zombie (D:6)
  3 rats
161 creatures vanquished.

Vanquished Creatures (collateral kills)
  A deep elf mage (D:15)
  A centaur zombie (D:13)
  A tengu conjurer (D:13)
  2 yaks
  A wight (D:13)
  A hound zombie (D:10)
7 creatures vanquished.

Vanquished Creatures (others)
  A centaur warrior (D:13)
  A dancing weapon (D:13)
  A withered plant (D:15)
3 creatures vanquished.

Grand Total: 171 creatures vanquished

Notes
Turn   | Place    | Note
-------+----------+-------------------------------------------
     0 | D:1      | 4thArraOfDagon the Felid Chaos Knight began the quest for the Orb.
     0 | D:1      | Reached XP level 1. HP: 10/10 MP: 2/2
    39 | D:1      | Reached skill level 1 in Stealth
   105 | D:1      | XOM: potion effect (brilliance)
   108 | D:1      | XOM: silly message
   117 | D:1      | XOM: potion effect (curing)
   123 | D:1      | Reached XP level 2. HP: 14/14 MP: 3/3
   132 | D:1      | XOM: potion effect (experience)
   132 | D:1      | Reached skill level 6 in Stealth
   132 | D:1      | Reached XP level 3. HP: 17/17 MP: 4/4
   168 | D:1      | XOM: silly message
   417 | D:2      | Found a faded altar of an unknown god.
   419 | D:2      | XOM: harmless Hex miscast
   528 | D:3      | Reached XP level 4. HP: 21/21 MP: 5/5
   613 | D:3      | Found a glowing silver altar of Zin.
   655 | D:3      | XOM: harmless Tmut miscast
   690 | D:3      | XOM: potion effect (invisibility)
   752 | D:4      | Reached XP level 5. HP: 24/24 MP: 6/6
   777 | D:4      | Noticed Blork the orc
   778 | D:4      | Noticed 4thArraOfDagon's ghost (weakling FeCK)
   796 | D:4      | Killed Blork the orc
   796 | D:4      | Reached skill level 7 in Stealth
   796 | D:4      | Gained mutation: You are covered in thick fur. (AC +2) [Felid growth]
   796 | D:4      | Reached XP level 6. HP: 28/28 MP: 7/7
   805 | D:4      | Killed 4thArraOfDagon's ghost
   927 | D:4      | Found a shadowy altar of Dithmenos.
   981 | D:4      | Found a transporter.
   987 | D:4      | Noticed a yak
   988 | D:4      | Found a radiant altar of Vehumet.
   990 | D:4      | Noticed a yak
  1007 | D:4      | Found a transporter.
  1030 | D:4      | XOM: cast spell 'Summon Ice Beast'
  1038 | D:4      | XOM: divination: magic mapping
  1045 | D:4      | Gained mutation: Your magical capacity is low. (-10% MP) [potion of mutation]
  1045 | D:4      | Gained mutation: Your skin changes colour to match your surroundings (Stealth+). [potion of mutation]
  1063 | D:4      | XOM: potion effect (invisibility)
  1066 | D:4      | Killed a yak
  1066 | D:4      | Reached skill level 8 in Stealth
  1066 | D:4      | Reached XP level 7. HP: 11/31 MP: 7/7
  1080 | D:4      | Killed a yak
  1111 | D:4      | Learned a level 3 spell: Regeneration
  1141 | D:4      | XOM: harmless Necr miscast
  1173 | D:5      | Entered Level 5 of the Dungeon
  1222 | D:5      | Noticed Sigmund
  1226 | D:5      | Killed Sigmund
  1226 | D:5      | Reached skill level 1 in Charms
  1226 | D:5      | Reached skill level 1 in Necromancy
  1229 | D:5      | Found a sparkling altar of Nemelex Xobeh.
  1259 | D:5      | Found a hide-covered altar of Uskayaw.
  1260 | D:5      | Noticed a dagger
  1260 | D:5      | Noticed a dagger
  1355 | D:5      | Noticed Dowan
  1356 | D:5      | Noticed Duvessa
  1364 | D:5      | XOM: potion effect (invisibility)
  1376 | D:5      | Killed Duvessa
  1376 | D:5      | Reached skill level 9 in Stealth
  1385 | D:5      | Killed Dowan
  1385 | D:5      | Reached skill level 1 in Spellcasting
  1399 | D:5      | Found an opulent altar of Gozag.
  1438 | D:5      | Reached XP level 8. HP: 29/34 MP: 9/9
  1481 | D:5      | XOM: harmless Hex miscast
  1550 | D:5      | Found a white marble altar of Elyvilon.
  1550 | D:5      | XOM: 2-stop teleportation journey
  1724 | D:6      | Found a basalt altar of Yredelemnul.
  1812 | D:6      | Noticed Pikel
  1840 | D:6      | XOM: enchant monster (bad)
  1845 | D:6      | XOM: 1-stop teleportation journey
  1978 | D:6      | Found Houremm's Weapon Emporium.
  2001 | D:6      | XOM: noise
  2056 | D:6      | XOM: smoke on damage
  2067 | D:7      | XOM: confusion
  2068 | D:7      | HP: 1/34 [wight/enchanted battleaxe (1)]
  2069 | D:7      | Slain by a bullfrog
  2070 | D:7      | Reached XP level 7. HP: -3/31 MP: 6/9
  2074 | D:7      | Noticed a hungry ghost
  2081 | D:7      | XOM: summons friendly white imp
  2083 | D:8      | Noticed Maurice
  2092 | D:8      | XOM: divination: detect creatures
  2096 | D:8      | XOM: summons friendly ufetubus
  2111 | D:8      | Killed Maurice
  2111 | D:8      | Reached XP level 8. HP: 25/34 MP: 7/11
  2136 | D:8      | Noticed Erica
  2201 | D:8      | XOM: cast spell 'Olgreb's Toxic Radiance'
  2203 | D:9      | Noticed a green ugly thing
  2203 | D:9      | Noticed a troll
  2212 | D:9      | Noticed a rakshasa
  2226 | D:10     | Entered Level 10 of the Dungeon
  2296 | D:10     | XOM: potion effect (might)
  2320 | D:10     | Reached skill level 10 in Stealth
  2324 | D:10     | XOM: cast spell 'Alistair's Intoxication'
  2327 | D:10     | XOM: god gift: 36 gold pieces
  2343 | D:10     | XOM: cast spell 'Summon Ice Beast'
  2344 | D:10     | Noticed Fannar
  2355 | D:10     | XOM: confuse monster(s)
  2370 | D:10     | XOM: scenery: create altars
  2372 | D:10     | Killed Fannar
  2372 | D:10     | Reached XP level 9. HP: 39/39 MP: 9/12
  2378 | D:10     | XOM: summons 2 hostile shadow creatures
  2390 | D:10     | XOM: enchant monster (bad)
  2427 | D:11     | XOM: noise
  2427 | D:11     | Noticed a six-headed hydra
  2439 | D:11     | XOM: confusion (+ monsters)
  2453 | D:11     | Reached skill level 10 in Dodging
  2453 | D:11     | Reached skill level 11 in Stealth
  2454 | D:11     | XOM: divination: magic mapping
  2456 | D:11     | Killed a six-headed hydra
  2456 | D:11     | Reached XP level 10. HP: 19/43 MP: 7/13
  2465 | D:11     | XOM: noise
  2467 | D:11     | HP: 2/43 [yak (11)]
  2470 | D:11     | XOM: potion effect (magic)
  2474 | D:11     | Noticed an unseen horror
  2485 | D:11     | XOM: enchant monster (good)
  2530 | D:11     | XOM: give mutations
  2530 | D:11     | Gained mutation: You have a pair of small horns on your head. [Xom's mischief]
  2530 | D:11     | Gained mutation: You are weak. (Str -2) [Xom's mischief]
  2584 | D:10     | Noticed a two-headed ogre
  2637 | D:11     | XOM: stat loss: -1 Str (5/6)
  2638 | D:11     | XOM: summons friendly shadow imp
  2670 | D:11     | XOM: blink monster(s)
  2691 | D:11     | Reached skill level 5 in Fighting
  2691 | D:11     | Reached skill level 12 in Stealth
  2694 | D:11     | XOM: destruction
  2731 | D:11     | Found a staircase to the Lair.
  2731 | D:11     | XOM: 2-stop teleportation journey
  2732 | D:11     | Noticed a cyan ugly thing
  2733 | D:11     | XOM: confuse monster(s)
  2759 | D:12     | XOM: harmless Air miscast
  2775 | D:12     | Noticed a wizard
  2787 | D:11     | XOM: repel stairs
  2806 | D:12     | XOM: god gift: 27 gold pieces
  2872 | D:12     | XOM: potion effect (berserk rage)
  2875 | D:12     | Killed a wizard
  2994 | D:13     | Noticed a centaur warrior
  2994 | D:13     | Noticed a cyclops
  2994 | D:13     | Noticed a brown ugly thing
  3028 | D:13     | Noticed an unseen horror
  3038 | D:13     | Killed an unseen horror
  3058 | D:13     | Reached skill level 10 in Unarmed Combat
  3080 | D:13     | Noticed a centaur warrior
  3087 | D:13     | Noticed a deep troll earth mage
  3095 | D:13     | XOM: enchant monster (good)
  3096 | D:13     | Noticed a deep troll earth mage
  3099 | D:13     | XOM: destruction
  3105 | D:13     | XOM: enchant monster (good)
  3107 | D:13     | Noticed a tengu reaver
  3107 | D:13     | Killed a deep troll earth mage
  3107 | D:13     | Reached skill level 13 in Stealth
  3107 | D:13     | Reached XP level 11. HP: 18/48 MP: 3/13
  3115 | D:13     | HP: 1/48 [deep troll earth mage (2)]
  3116 | D:13     | Noticed a two-headed ogre
  3117 | D:13     | Mangled by a tengu reaver
  3118 | D:13     | Reached XP level 10. HP: -6/45 MP: 5/13
  3140 | D:14     | Noticed a catoblepas
  3155 | D:14     | Noticed nikopol's ghost (journeyman DEFE)
  3156 | D:14     | Killed from afar by nikopol's ghost
  3157 | D:14     | Reached XP level 9. HP: -4/41 MP: 12/12
  3188 | D:13     | Noticed a deep elf mage
  3230 | D:14     | Noticed a deep elf mage
  3279 | D:14     | XOM: divination: magic mapping
  3281 | D:14     | XOM: divination: detect creatures
  3288 | D:14     | XOM: potion effect (magic)
  3303 | D:14     | Noticed a polar bear
  3305 | D:14     | Found Regusofut's Retail Resort.
  3316 | D:14     | XOM: potion effect (haste)
  3320 | D:14     | XOM: silly message
  3328 | D:14     | Killed a polar bear
  3338 | D:14     | Noticed a cyclops
  3342 | D:14     | Bought an uncursed amulet of regeneration for 420 gold pieces
  3347 | D:14     | Killed a cyclops
  3400 | D:14     | Noticed a deep elf mage
  3460 | D:14     | XOM: mild Chrm miscast
  3464 | D:15     | Entered Level 15 of the Dungeon
  3464 | D:15     | Noticed a freezing wraith
  3464 | D:15     | Noticed a centaur warrior
  3467 | D:15     | Killed a freezing wraith
  3472 | D:15     | Noticed a kobold demonologist
  3475 | D:15     | Killed a kobold demonologist
  3504 | D:15     | Noticed a deep elf mage
  3510 | D:15     | XOM: summons 3 friendly demons
  3516 | D:15     | Killed a deep elf mage
  3516 | D:15     | Reached XP level 10. HP: 45/45 MP: 13/13
  3596 | D:15     | Noticed a wizard
  3596 | D:15     | Noticed a centaur warrior
  3601 | D:15     | Killed a centaur warrior
  3609 | D:15     | XOM: smoke on damage
  3619 | D:15     | Killed a wizard
  3619 | D:15     | Reached skill level 14 in Stealth
  3653 | D:15     | Noticed a cyclops
  3671 | D:15     | XOM: divination: detect items
  3675 | D:15     | Slain by a cyclops

Vault maps used:
D:1:      elethiomel_arrival_shortcut
D:2:      marbit_many_paths, lightli_temple_of_fire,
          chequers_ecumenical_altar_lobes, xom_teletrap_fun
D:3:      zin_academy, first_ration, kennysheep_flooded_box
D:4:      gammafunk_temple_overflow_arena, overflow_temple_1_default,
          uniq_blork_the_orc
D:5:      dancing_weapons_uskayaw, old_standard_altar, grunt_gozag_breadcrumbs,
          kennysheep_little_box, uniq_duvessa, uniq_sigmund
D:6:      yredelemnul_altar_generic, serial_shops, nicolae_shop_trees,
          st_stairs_12, nrook_loot_triangle, uniq_pikel
D:7:      cheibrodos_ashenzari_chains, kennysheep_mini,
          minmay_temple_entry_butterflies, hangedman_abyss_or_decor_slice
D:8:      nicolae_qazlal_style_of_elements, hangedman_little_slice_of_home,
          uniq_prince_ribbit1, uniq_erica, uniq_maurice
D:9:      minmay_the_grid_square_5x5_4x4, enter_bailey_2, uniq_erolcha,
          uniq_gastronok
D:10:     uniq_fannar
D:11:     david_lair_generic, david_orc_4, minmay_hedge_maze, eino_tiny_chamber
D:12:     eino_jars
D:13:     minmay_heptahexagon, hangedman_vaults_entry_quadrant_bands
D:14:     nicolae_alphabet_shops
D:15:     gammafunk_depths_entry_grave, hangedman_abyss_or_decor_stabs

Skill      XL: |  1  2  3  4  5  6  7  8  9 10 |
---------------+-------------------------------+-----
Stealth        | 1 6 7 8 9 10 11 14 | 14.0
Dodging        | 8 9 10 11 | 11.6
Unarmed Combat | 6 7 8 9 10 | 10.8
Charms         | 4 3 |  4.6
Necromancy     | 3 |  3.8
Spellcasting   | 2 |  2.2
Fighting       | 4 6 5 |  6.4

Action                   |  1- 3 |  4- 6 |  7- 9 | 10-12 || total
-------------------------+-------+-------+-------+-------++-------
Melee: Unarmed           |    80 |    67 |   238 |   155 ||   540
       Bite              |     5 |     3 |    25 |    15 ||    48
       Punch             |     1 |     2 |     3 |    11 ||    17
       Headbutt          |       |       |    10 |    19 ||    29
 Cast: Regeneration      |       |       |    22 |    30 ||    52
Evoke: Wand              |       |       |    12 |    15 ||    27
  Use: Potion            |       |     2 |     9 |     3 ||    14
       Scroll            |       |       |     2 |     1 ||     3
 Stab: Sleeping          |     4 |    11 |    15 |     7 ||    37
       Invisible         |       |     5 |    17 |       ||    22
       Confused          |       |       |     2 |       ||     2
       Distracted        |       |       |     1 |       ||     1
       Paralysed         |       |       |       |     1 ||     1
  Eat: Chunk             |     6 |       |    10 |     5 ||    21
Armor: Skin              |     2 |       |    10 |     4 ||    16
Dodge: Dodged            |    78 |    49 |   242 |   139 ||   508

Table legend:
 A = Spawn XP
 B = Non-spawn XP
 C = Spawn XP percentage of total XP
 D = Spawn monster count
 E = Non-spawn monster count
 F = Spawn count percentage of total count
 G = Total turns spent on level
                    A         B        C        D         E        F      G
               +---------+---------+-------+---------+---------+-------+---------
         Total |       0 |   17523 |   0.0 |       0 |     167 |   0.0 |  3675
               +---------+---------+-------+---------+---------+-------+---------
           D:1 |       0 |      37 |   0.0 |       0 |      20 |   0.0 |   363
           D:2 |       0 |      23 |   0.0 |       0 |       7 |   0.0 |    97
           D:3 |       0 |      57 |   0.0 |       0 |       5 |   0.0 |   237
           D:4 |       0 |     778 |   0.0 |       0 |      25 |   0.0 |   476
           D:5 |       0 |     848 |   0.0 |       0 |      20 |   0.0 |   508
           D:6 |       0 |     270 |   0.0 |       0 |       8 |   0.0 |   376
           D:8 |       0 |     812 |   0.0 |       0 |       6 |   0.0 |   120
           D:9 |       0 |      54 |   0.0 |       0 |       4 |   0.0 |    23
          D:10 |       0 |    1911 |   0.0 |       0 |      16 |   0.0 |   216
          D:11 |       0 |    3372 |   0.0 |       0 |      18 |   0.0 |   334
          D:12 |       0 |    1619 |   0.0 |       0 |      10 |   0.0 |   210
          D:13 |       0 |    2610 |   0.0 |       0 |       8 |   0.0 |   166
          D:14 |       0 |    1459 |   0.0 |       0 |       8 |   0.0 |   312
          D:15 |       0 |    3673 |   0.0 |       0 |      12 |   0.0 |   211
               +---------+---------+-------+---------+---------+-------+---------
